 Dungeon Crawl Stone Soup version 0.30-a0-618-gd6c86c23d0 (webtiles) character file.

Game seed: 3869619403924414930

4486 themarg the Martial Artist (level 10, -5/91 HPs)
             Began as a Gnoll Transmuter on Jan 9, 2023.
             Was a Believer of Nemelex Xobeh.
             Slain by a sun demon (23 damage)
             ... summoned by an orc high priest
             ... in a bailey.
             The game lasted 00:28:31 (7143 turns).

themarg the Martial Artist (Gnoll Transmuter)       Turns: 7143, Time: 00:28:32

Health: -5/91      AC:  7    Str: 10    XL:     10   Next: 38%
Magic:  17/21      EV: 12    Int: 17    God:    Nemelex Xobeh [**....]
Gold:   522        SH:  0    Dex: 12    Spells: 13/23 levels left

rFire   x . .      SeeInvis .      - Unarmed
rCold   + + +      Faith    .    (shield currently unavailable)
rNeg    . . .      Spirit   .    (body armour currently unavailable)
rPois   +          Reflect  .    (helmet currently unavailable)
rElec   .          Harm     .    (cloak currently unavailable)
rCorr   .          Rampage  .    (gloves currently unavailable)
Will    .....                    (boots currently unavailable)
Stlth   +++                      c - amulet of regeneration
HPRegen 1.15/turn                D - +4 ring of slaying
MPRegen 0.17/turn                (no ring)

@: ice-form
A: freezing attack, amphibious, boosted hp, large, (fangs 1), strong nose,
distributed training
a: End Transformation, Renounce Religion, Draw Escape, Draw Destruction, Draw
Summoning


You were in a bailey.
You worshipped Nemelex Xobeh.
Nemelex Xobeh was pleased with you.
You were a creature of crystalline ice.
You visited 2 branches of the dungeon, and saw 9 of its levels.
You also visited: Sewer, Ossuary and Bailey.

You collected 522 gold pieces.

Inventory:

Hand Weapons
 t - the +5 rapier of Ru's Indignation {freeze, rPois}
   (You found it on level 4 of the Dungeon)

   rPois:     It protects you from poison.
Missiles
 e - 2 throwing nets
 k - 57 stones
 q - 10 poisoned darts
 w - a boomerang
 C - a curare-tipped dart
Armour
 a - a +1 robe (melded)
 y - a +0 pair of boots (melded)
Jewellery
 c - an amulet of regeneration (around neck)
 D - a +4 ring of slaying (left front paw)
 G - a ring of flight
Wands
 m - a wand of paralysis (15)
 x - a wand of flame (11)
 H - a wand of quicksilver (7)
 K - a wand of roots (4)
Scrolls
 d - 2 scrolls of fear {unknown}
 h - 2 scrolls of enchant armour
 i - a scroll of noise {unknown}
 j - 4 scrolls of teleportation {unknown}
 l - 3 scrolls of enchant weapon
 o - a scroll of brand weapon {unknown}
 s - 4 scrolls of fog {unknown}
 v - a scroll of blinking {unknown}
 z - a scroll of poison {unknown}
 E - a scroll of amnesia {unknown}
 J - 3 scrolls of vulnerability {unknown}
 L - a scroll of acquirement
Potions
 b - 3 potions of lignification
 f - 3 potions of cancellation
 g - 9 potions of curing
 n - a potion of invisibility {unknown}
 p - a potion of attraction {unknown}
 r - 5 potions of resistance
 u - 4 potions of haste
 A - a potion of might {unknown}
 B - 4 potions of brilliance
 F - 2 potions of flight {unknown}
 I - a potion of heal wounds


   Skills:
 + Level 6.1 Fighting
 + Level 5.4 Short Blades
 + Level 5.4 Long Blades
 + Level 5.4 Axes
 + Level 5.4 Maces & Flails
 + Level 5.4 Polearms
 + Level 5.4 Staves
 + Level 5.4 Ranged Weapons
 + Level 5.4 Throwing
 + Level 5.4 Armour
 + Level 7.2 Dodging
 + Level 5.4 Stealth
 + Level 5.4 Shields
 + Level 8.6 Unarmed Combat
 + Level 7.4 Spellcasting
 + Level 4.4 Conjurations
 + Level 4.4 Hexes
 + Level 4.4 Summonings
 + Level 4.4 Necromancy
 + Level 4.4 Translocations
 + Level 6.0 Transmutations
 + Level 4.4 Fire Magic
 + Level 4.4 Ice Magic
 + Level 4.4 Air Magic
 + Level 4.4 Earth Magic
 + Level 4.4 Poison Magic
 + Level 6.0 Invocations
 + Level 5.4 Evocations


You had 13 spell levels left.
You knew the following spells:

 Your Spells              Type           Power      Damage    Failure   Level
a - Beastly Appendage     Tmut           52%        N/A       1%          1
b - Wereblood             Tmut           26%        N/A       1%          2
c - Spider Form           Tmut/Pois      24%        N/A       3%          3
d - Ice Form              Ice/Tmut       24%        N/A       13%         4

Your spell library contained the following spells:

 Spells                   Type           Power      Damage    Failure   Level
 Apportation              Tloc           42%        N/A       1%          1
 Foxfire                  Conj/Fire      84%        2x1d8     1%          1
 Necrotise                Necr           84%        1d8       1%          1
 Summon Small Mammal      Summ           84%        N/A       1%          1
 Sublimation of Blood     Necr           21%        N/A       2%          2
 Gell's Gravitas          Tloc           21%        N/A       5%          3
 Hailstorm                Conj/Ice       21%        3d6       5%          3
 Lesser Beckoning         Tloc           42%        N/A       5%          3
 Teleport Other           Tloc           21%        N/A       5%          3
 Petrify                  Tmut/Erth      24%        N/A       13%         4
 Alistair's Intoxication  Tmut/Pois      16%        N/A       34%         5
 Irradiate                Conj/Tmut      12%        3d15      34%         5
 Fireball                 Conj/Fire      10%        3d6       43%         5
 Simulacrum               Ice/Necr       10%        N/A       95%         6
 Starburst                Conj/Fire      10%        6d5       95%         6
 Malign Gateway           Summ/Tloc      10%        N/A       100%        7
 Summon Horrible Things   Summ           10%        N/A       100%        8


Dungeon Overview and Level Annotations

Branches:
Dungeon (8/15)             Temple (1/1) D:4           Sewer (visited)
Ossuary (visited)          Bailey (1/1)
   Lair: D:8-11

Altars:
Ashenzari
Dithmenos
Hepliaklqana
Kikubaaqudgha
Makhleb
Nemelex Xobeh
Okawaru
Sif Muna
Trog
Uskayaw
Vehumet
Wu Jian
Xom
Yredelemnul
Zin
The Shining One

Shops:
D:2 =   D:5 (


Innate Abilities, Weirdness & Mutations

You are a creature of crystalline ice.
You have a powerful freezing melee attack.
You are amphibious.
Your maximum health is increased.
Your armour is entirely melded.
You are incapable of wielding weapons or throwing items.
((You have very sharp teeth.))
Your uncanny sense of smell can sniff out nearby items.
Your experience applies equally to all skills.


Message History

The orc warrior escapes!
You punch the orc warrior! You freeze the orc warrior.
The orc warrior is almost dead.
The ice devil closely misses you.
The ynoxinul gestures.
The orc warrior hits you with a +0 war axe.
You punch the orc warrior! You freeze the orc warrior.
You kill the orc warrior!
The ice devil hits you. The ice devil freezes you. You resist.
The orc high priest utters an invocation to Beogh.
The orc warrior hits you with a +0 war axe!
You punch the orc warrior! You freeze the orc warrior.
You kill the orc warrior!
The ynoxinul disappears in a puff of smoke!
The ufetubus disappears in a puff of smoke! x5
The ice devil barely misses you.
Your Transmutations skill increases to level 6!
Your Invocations skill increases to level 6!
You hit the orc high priest but do no damage.
The orc high priest is moderately wounded.
The ice devil hits you. The ice devil freezes you. You resist.
You pummel the orc high priest!! You freeze the orc high priest.
The orc high priest is almost dead.
The orc high priest misses you. The ice devil hits you.
The ice devil freezes you. You resist.
You hit the orc high priest but do no damage.
The orc high priest is almost dead.
The sun demon hits you!!
You are engulfed in flames!!
The fire burns you terribly!
* * * LOW HITPOINT WARNING * * *
The orc high priest hits you with a +0 broad axe.
* * * LOW HITPOINT WARNING * * *
The sun demon barely misses you.
You hit the orc high priest but do no damage.
The orc high priest is almost dead.
The ice devil closely misses you.
The orc high priest mumbles some strange prayers to Beogh against you.
You struggle to resist.
The sun demon hits you!!
You die...
Your body glows slightly and disappears.

≈≈# #...)..)#.....))...# ≈≈#
#.8.8.8.).....#....#≈≈≈≈≈#
≈≈######...##############.#≈≈≈≈≈#
≈≈~.#......#.... ∆∆ ∆[#.~≈≈≈≈≈#
≈≈~.#......#.... ∆∆ ∆∆#.~≈≈≈≈≈#
≈≈).#''#####.... #.~≈≈≈≈≈#
≈≈~.#.....##....#########.~≈≈≈≈≈#
....'..)..##..)3#..8.8..#.~≈≈≈≈≈#
....'..)..##.§4oY........∩~≈≈≈≈≈#
....'.....##.§)4#..8.8..#.~≈≈≈≈≈#
≈≈~.#.....##....#########.~≈≈≈≈≈#
≈≈~.#''#####.... #..#.~≈≈≈≈≈#
≈≈~.#......#.... #))#.~≈≈≈≈≈#
≈≈~.#......#.... +))#.~≈≈≈≈≈#
≈≈######...##############.#≈≈≈≈≈#
≈≈#....#.8.8)8.')....#....#≈≈≈≈≈#
≈≈#....#....)..#)....'....#≈≈≈≈≈#


You could see an orc high priest, a sun demon (summoned), an ice devil
(summoned) and a chaos spawn (summoned).

Vanquished Creatures
  An orc sorcerer (Bailey)
  9 orc warriors (Bailey)
  4 water moccasins
  A floating eye (Bailey)
  A sky beast (D:6)
  2 ice beasts
  A black bear (D:4)
  3 ogres
  3 phantoms
  A kobold brigand (D:6)
  A necrophage (D:7)
  2 bullfrogs (D:7)
  4 scorpions
  A gnoll sergeant (D:6)
  5 wights (D:6)
  2 water moccasin zombies (Ossuary)
  4 electric eels (Bailey)
  2 orc priests
  A hound (D:5)
  2 jellies
  5 iguanas
  4 orc wizards
  2 mummies (Ossuary)
  12 gnolls
  5 adders
  A river rat (D:5)
  3 shadow imps
  A white imp (D:5)
  An ufetubus (D:7)
  3 adder zombies (Ossuary)
  A worm (D:2)
  2 dart slugs
  26 orcs
  9 bats
  9 endoplasms
  4 giant cockroaches
  8 gnoll zombies (Ossuary)
  13 hobgoblins
  9 jackals
  7 kobolds
  2 quokkas
  7 ball pythons
  2 frilled lizards
  18 goblins
  6 hobgoblin zombies (Ossuary)
  6 kobold zombies (Ossuary)
  7 orc zombies (Ossuary)
  9 rats
232 creatures vanquished.

Vanquished Creatures (others)
  A plant (D:5)
1 creature vanquished.

Grand Total: 233 creatures vanquished

Notes
Turn   | Place    | Note
-------+----------+-------------------------------------------
     0 | D:1      | themarg the Gnoll Transmuter began the quest for the Orb.
     0 | D:1      | Reached XP level 1. HP: 17/17 MP: 6/6
   130 | D:1      | Reached XP level 2. HP: 23/23 MP: 5/7
   133 | D:1      | Learned a level 2 spell: Wereblood
   889 | D:2      | Reached skill level 5 in Spellcasting
   889 | D:2      | Reached XP level 3. HP: 24/28 MP: 5/9
   896 | D:2      | Learned a level 3 spell: Spider Form
  1010 | D:2      | Reached skill level 1 in Invocations
  1158 | D:2      | Noticed a scorpion
  1163 | D:2      | Killed a scorpion
  1164 | D:2      | Reached skill level 1 in Short Blades
  1164 | D:2      | Reached skill level 1 in Long Blades
  1164 | D:2      | Reached skill level 1 in Axes
  1164 | D:2      | Reached skill level 1 in Maces & Flails
  1164 | D:2      | Reached skill level 1 in Polearms
  1164 | D:2      | Reached skill level 1 in Staves
  1164 | D:2      | Reached skill level 1 in Ranged Weapons
  1164 | D:2      | Reached skill level 1 in Throwing
  1164 | D:2      | Reached skill level 1 in Armour
  1164 | D:2      | Reached skill level 1 in Stealth
  1164 | D:2      | Reached skill level 1 in Shields
  1164 | D:2      | Reached skill level 1 in Conjurations
  1164 | D:2      | Reached skill level 1 in Hexes
  1164 | D:2      | Reached skill level 1 in Summonings
  1164 | D:2      | Reached skill level 1 in Necromancy
  1164 | D:2      | Reached skill level 1 in Translocations
  1164 | D:2      | Reached skill level 1 in Fire Magic
  1164 | D:2      | Reached skill level 1 in Ice Magic
  1164 | D:2      | Reached skill level 1 in Air Magic
  1164 | D:2      | Reached skill level 1 in Earth Magic
  1164 | D:2      | Reached skill level 1 in Poison Magic
  1164 | D:2      | Reached skill level 1 in Evocations
  1164 | D:2      | Reached XP level 4. HP: 34/34 MP: 7/11
  1251 | D:2      | Reached XP level 5. HP: 27/40 MP: 10/12
  1679 | D:2      | Found Kinur's Jewellery Shoppe.
  1877 | D:3      | Found a glowing silver altar of Zin.
  2819 | D:4      | Noticed a black bear
  2826 | D:4      | Killed a black bear
  2827 | D:4      | Reached skill level 5 in Dodging
  2827 | D:4      | Reached XP level 6. HP: 47/47 MP: 10/14
  3070 | D:4      | Identified the +5 rapier of Ru's Indignation {freeze,
                  | rPois}
  3223 | D:4      | Found a staircase to the Ecumenical Temple.
  3231 | Temple   | Entered the Ecumenical Temple
  3435 | Temple   | Became a worshipper of Nemelex Xobeh the Trickster
  3800 | D:5      | Entered Level 5 of the Dungeon
  3813 | D:5      | Reached skill level 7 in Unarmed Combat
  3813 | D:5      | Reached XP level 7. HP: 52/52 MP: 10/15
  3934 | D:5      | Found Alets's Hydra Hut.
  3934 | D:5      | Found an iron altar of Okawaru.
  4120 | D:5      | Reached XP level 8. HP: 60/60 MP: 13/16
  4192 | D:5      | Noticed a six-headed hydra
  4341 | D:5      | Found a glowing drain.
  4354 | Sewer    | Entered a sewer
  5152 | D:6      | Reached skill level 5 in Transmutations
  5221 | D:6      | Reached * piety under Nemelex Xobeh
  5236 | D:6      | Found a bloodstained altar of Trog.
  5312 | D:6      | Reached XP level 9. HP: 62/66 MP: 15/18
  5317 | D:6      | Learned a level 4 spell: Ice Form
  5460 | D:6      | Received a gift from Nemelex Xobeh
  5491 | D:6      | Found a hide-covered altar of Uskayaw.
  5554 | D:6      | Reached skill level 5 in Fighting
  5674 | D:6      | Reached skill level 8 in Unarmed Combat
  5938 | D:7      | Reached skill level 5 in Invocations
  5958 | D:7      | Found a sand-covered staircase.
  5963 | Ossuary  | Entered an ossuary
  6318 | D:7      | Reached ** piety under Nemelex Xobeh
  6682 | D:8      | Found a flagged portal.
  6696 | Bailey   | Entered a bailey
  6840 | Bailey   | Reached skill level 5 in Short Blades
  6840 | Bailey   | Reached skill level 5 in Long Blades
  6840 | Bailey   | Reached skill level 5 in Axes
  6840 | Bailey   | Reached skill level 5 in Maces & Flails
  6840 | Bailey   | Reached skill level 5 in Polearms
  6840 | Bailey   | Reached skill level 5 in Staves
  6840 | Bailey   | Reached skill level 5 in Ranged Weapons
  6840 | Bailey   | Reached skill level 5 in Throwing
  6840 | Bailey   | Reached skill level 5 in Armour
  6840 | Bailey   | Reached skill level 5 in Stealth
  6840 | Bailey   | Reached skill level 5 in Shields
  6840 | Bailey   | Reached skill level 5 in Evocations
  6840 | Bailey   | Reached XP level 10. HP: 70/76 MP: 15/20
  6847 | Bailey   | Noticed an orc knight
  6859 | Bailey   | Noticed an orc sorcerer
  6876 | Bailey   | an orc knight changed into a floating eye
  6884 | Bailey   | Killed an orc sorcerer
  7133 | Bailey   | Found an iron altar of Okawaru.
  7133 | Bailey   | Noticed an orc high priest
  7139 | Bailey   | Noticed a sun demon
  7143 | Bailey   | Slain by a sun demon

Illustrated notes

Levels and vault maps discovered:
D:1:      minmay_arrival_doors, layout_basic, minmay_bisected
D:2:      minmay_wonky_spiral, layout_loops_ring, serial_shops,
          nicolae_shop_hallway_stairs, grunt_decor_clamped,
          minmay_misc_feat_enclosed
D:3:      layout_basic, zin_academy, kennysheep_generic_room_7
D:4:      layout_loops_ring, minmay_temple_entry_fiery, kennysheep_potato
D:5:      layout_basic, mainiacjoe_overflow_brackets, portal_sewer_entry_e,
          doesnt_shop_hydraphobe
D:6:      layout_cave_pools, mainiacjoe_overflow_small_starburst,
          nicolae_uskayaw_dance_studio, chequers_avenue
D:7:      layout_basic, enter_ossuary_5
D:8:      minmay_separated_statues, layout_basic, enter_bailey_3
Temple:   nicolae_temple_bog_church
Bailey:   bailey_axe_of_yendor_kennysheep, bailey

Skill      XL: |  1  2  3  4  5  6  7  8  9 10 |
---------------+-------------------------------+-----
Spellcasting   | 5 6 7 |  7.4
Invocations    | 1 2 3 4 5 6 |  6.0
Short Blades   | 1 2 3 5 |  5.4
Long Blades    | 1 2 3 5 |  5.4
Axes           | 1 2 3 5 |  5.4
Maces & Flails | 1 2 3 5 |  5.4
Polearms       | 1 2 3 5 |  5.4
Staves         | 1 2 3 5 |  5.4
Ranged Weapons | 1 2 3 5 |  5.4
Throwing       | 1 2 3 5 |  5.4
Armour         | 1 2 3 5 |  5.4
Stealth        | 1 2 3 5 |  5.4
Shields        | 1 2 3 5 |  5.4
Conjurations   | 1 2 3 4 |  4.4
Hexes          | 1 2 3 4 |  4.4
Summonings     | 1 2 3 4 |  4.4
Necromancy     | 1 2 3 4 |  4.4
Translocations | 1 2 3 4 |  4.4
Fire Magic     | 1 2 3 4 |  4.4
Ice Magic      | 1 2 3 4 |  4.4
Air Magic      | 1 2 3 4 |  4.4
Earth Magic    | 1 2 3 4 |  4.4
Poison Magic   | 1 2 3 4 |  4.4
Evocations     | 1 2 3 5 |  5.4
Fighting       | 3 4 5 6 |  6.1
Transmutations | 4 5 6 |  6.0
Dodging        | 5 6 7 |  7.2
Unarmed Combat | 7 8 |  8.6

Action                   |  1- 3 |  4- 6 |  7- 9 | 10-12 || total
-------------------------+-------+-------+-------+-------++-------
Melee: Unarmed           |    77 |    96 |   348 |    38 ||   559
       Kick              |    18 |     6 |       |       ||    24
       Headbutt          |     7 |     7 |       |       ||    14
       Bite              |     6 |     3 |     1 |       ||    10
       Punch             |     3 |       |       |       ||     3
 Cast: Beastly Appendage |    16 |    26 |       |       ||    42
       Wereblood         |     2 |     3 |    10 |     1 ||    16
       Spider Form       |     1 |    12 |    26 |       ||    39
       Ice Form          |       |       |    13 |     6 ||    19
Invok: Draw Destruction  |       |       |       |     4 ||     4
Evoke: Wand              |       |       |       |     6 ||     6
  Use: Scroll            |       |     4 |     3 |       ||     7
       Potion            |       |     1 |     3 |       ||     4
 Stab: Sleeping          |     1 |     5 |       |       ||     6
       Distracted        |       |     1 |       |       ||     1
Armor: Robe              |     7 |     7 |       |       ||    14
       Skin              |       |     2 |    36 |     3 ||    41
Dodge: Dodged            |    54 |    51 |   227 |    11 ||   343

Table legend: (Time is in decaauts)
 A = Elapsed time spent in this place.
 B = Non-inter-level travel time spent in this place.
 C = Inter-level travel time spent in this place.
 D = Time resting spent in this place.
 E = Time spent auto-exploring this place.
 F = Levels seen in this place.
 G = Mean time per level.
                   A        B        C        D        E       F      G
               +--------+--------+--------+--------+--------+-----+--------+
         Total |   7070 |   6881 |    189 |    241 |   4609 |  12 |  589.2 |
       Dungeon |   6174 |   6009 |    165 |    100 |   4428 |   8 |  771.8 |
        Temple |    220 |    196 |     24 |      0 |    181 |   1 |  220.0 |
         Sewer |     70 |     70 |      0 |      0 |      0 |   1 |   70.0 |
       Ossuary |    168 |    168 |      0 |     10 |      0 |   1 |  168.0 |
        Bailey |    437 |    437 |      0 |    131 |      0 |   1 |  437.0 |
               +--------+--------+--------+--------+--------+-----+--------+

Top non-repeatable levels by time:
     D:5: 1101 daAuts
     D:4: 942 daAuts
     D:3: 935 daAuts
     D:6: 890 daAuts
     D:1: 871 daAuts
     D:2: 814 daAuts
     D:7: 569 daAuts
  Bailey: 437 daAuts
  Temple: 220 daAuts
 Ossuary: 168 daAuts
   Sewer: 70 daAuts
     D:8: 49 daAuts
